[Event "EYCC Girls U16 2021"]
[Site "Tornelo"]
[Date "2021.10.15"]
[Round "4.7"]
[White "Doll, Rebecca"]
[Black "Kara, Gulce Nehir"]
[Result "0-1"]
[ECO "B33"]
[WhiteElo "1970"]
[BlackElo "1766"]
[Annotator "ChessBase"]
[PlyCount "94"]
[EventDate "2021.10.15"]
[EventType "swiss"]
[EventCountry "NET"]
[SourceTitle "playchess.com"]
[Source "ChessBase"]
[SourceQuality "1"]
[TimeControl "5400+30"]

1. e4 c5 2. Nf3 Nc6 3. d4 cxd4 4. Nxd4 Qb6 5. Nb3 Nf6 6. Nc3 e6 7. a3 a6 8. Bf4 Ne7 9. Bg5 Ng6 10. Bxf6 gxf6 11. Qf3 Be7 12. Be2 d6 13. Qg3 Bd7 14. f4 O-O-O 15. O-O-O Rhg8 16. Rhf1 f5 17. Qf2 Qxf2 18. Rxf2 fxe4 19. Nxe4 Bc6 20. Nc3 Nxf4 21. g3 Nxe2+ 22. Nxe2 Bg5+ 23. Kb1 Rgf8 24. Nbd4 Bd7 25. Rdf1 f5 26. Rf3 Rde8 27. g4 f4 28. h4 Bxh4 29. Nxf4 e5 30. Nd5 Rxf3 31. Nb6+ Kc7 32. Nd5+ Kb8 33. Nxf3 Bd8 34. Ne3 Rf8 35. Ka2 Be6+ 36. b3 Bb6 37. Nh2 Rxf1 38. Nexf1 e4 39. g5 Bg1 40. Kb1 e3 41. Nf3 Bf2 42. Kc1 e2 43. N1d2 Bg4 44. c3 Bxf3 45. Nxf3 e1=Q+ 46. Nxe1 Bxe1 47. Kc2 Bh4 0-1

[Event "EYCC Girls U16 2021"]
[Site "Tornelo"]
[Date "2021.10.15"]
[Round "4.8"]
[White "Carevic, Milica"]
[Black "Dietz, Kristin"]
[Result "0-1"]
[ECO "E00"]
[WhiteElo "1675"]
[BlackElo "1924"]
[Annotator "ChessBase"]
[PlyCount "118"]
[EventDate "2021.10.15"]
[EventType "swiss"]
[EventCountry "NET"]
[SourceTitle "playchess.com"]
[Source "ChessBase"]
[SourceQuality "1"]
[TimeControl "5400+30"]

1. d4 Nf6 2. c4 e6 3. g3 Bb4+ 4. Bd2 c5 5. Bxb4 cxb4 6. Bg2 d6 7. Qa4+ Bd7 8. Qxb4 Bc6 9. Nf3 O-O 10. Nbd2 a5 11. Qc3 Nbd7 12. O-O b5 13. b3 Qe7 14. Rfe1 bxc4 15. bxc4 Ne4 16. Nxe4 Bxe4 17. Nd2 Bxg2 18. Kxg2 e5 19. e3 f5 20. Rab1 Qf7 21. Rb5 f4 22. exf4 exf4 23. Rf1 Rae8 24. Qf3 Qg6 25. Qd5+ Kh8 26. Nf3 Rf6 27. Rb7 fxg3 28. hxg3 Nf8 29. Qg5 Ne6 30. Qxg6 Rxg6 31. Ra7 Kg8 32. Rxa5 Rf8 33. Nh4 Rg4 34. d5 Nc5 35. Rc1 Nd3 36. Rf1 Rxc4 37. Ra6 Rc2 38. Nf3 g5 39. Nxg5 Nxf2 40. Nf3 Ne4+ 41. Kh3 Rc3 42. Kg2 h5 43. Rc6 Rd3 44. Rc4 Rdxf3 45. Rxf3 Rxf3 46. Kxf3 Nd2+ 47. Ke3 Nxc4+ 48. Kd4 Nb6 49. a3 Kf7 50. Ke4 Kf6 51. Kd4 Kf5 52. Kc3 Nxd5+ 53. Kc4 Ke5 54. Kb5 Nc3+ 55. Kc4 Ne4 56. a4 d5+ 57. Kb5 Nc3+ 58. Kb4 Nxa4 59. Kxa4 Kd4 0-1

[Event "EYCC Girls U16 2021"]
[Site "Tornelo"]
[Date "2021.10.15"]
[Round "4.9"]
[White "Jovanovic, Anja"]
[Black "Perez Garcia, Jimena"]
[Result "1/2-1/2"]
[ECO "B22"]
[WhiteElo "1781"]
[BlackElo "1914"]
[Annotator "NA"]
[PlyCount "136"]
[EventDate "2021.10.15"]
[EventType "swiss"]
[EventCountry "NET"]
[SourceTitle "playchess.com"]
[Source "ChessBase"]
[SourceQuality "1"]
[TimeControl "5400+30"]

1. e4 c5 2. c3 d5 3. exd5 Qxd5 4. d4 Nf6 5. Nf3 e6 6. Bd3 Nc6 7. O-O Be7 8. a3 cxd4 9. cxd4 O-O 10. Bf4 Rd8 11. Nc3 Qd7 12. Bb5 a6 13. Qa4 Bd6 14. Bg5 Rb8 15. Bxc6 bxc6 16. b4 Qc7 17. Bxf6 gxf6 18. Ne4 Be7 19. Rac1 Qf4 20. Nc5 Kh8 21. Rc3 Rg8 22. Qc2 e5 23. Qe4 Qxe4 24. Nxe4 f5 25. Ng3 f4 26. Nxe5 fxg3 27. Nxf7+ Kg7 28. fxg3 Bf6 29. Ne5 a5 30. Rxc6 Bxe5 31. dxe5 axb4 32. axb4 Rxb4 33. Rc7+ Kg6 34. Rf6+ Kg5 35. Rxh7 Bf5 36. Rhf7 Rb1+ 37. Kf2 Rb2+ 38. Kg1 Rb1+ 39. Kf2 Rb2+ 40. Ke3 Rb3+ 41. Kd4 Bg6 42. Rf8 Rg7 43. Rf4 Ra7 44. Rh8 Ra4+ 45. Kc5 Rxf4 46. gxf4+ Kxf4 47. e6 Re3 48. Kd6 Re2 49. g3+ Kf5 50. Rf8+ Kg5 51. h4+ Kh6 52. g4 Kg7 53. Rf4 Ra2 54. Rd4 Re2 55. h5 Be8 56. Rb4 Kf6 57. Rf4+ Kg5 58. Rf8 Ba4 59. Rg8+ Kh6 60. Ke7 Bb3 61. Rg6+ Kh7 62. Kf7 Re5 63. g5 Bxe6+ 64. Rxe6 Rxg5 65. h6 Rh5 66. Rg6 Rf5+ 67. Rf6 Rxf6+ 68. Kxf6 Kxh6 1/2-1/2

[Event "EYCC Girls U16 2021"]
[Site "Tornelo"]
[Date "2021.10.15"]
[Round "4.10"]
[White "Naymanova, Patricie"]
[Black "Zabrzanska, Weronika"]
[Result "1-0"]
[ECO "E05"]
[WhiteElo "1894"]
[BlackElo "1892"]
[Annotator "NA"]
[PlyCount "53"]
[EventDate "2021.10.15"]
[EventType "swiss"]
[EventCountry "NET"]
[SourceTitle "playchess.com"]
[Source "ChessBase"]
[SourceQuality "1"]
[TimeControl "5400+30"]

1. d4 Nf6 2. c4 e6 3. Nf3 d5 4. g3 Be7 5. Bg2 O-O 6. O-O dxc4 7. Qc2 a6 8. a4 Nbd7 9. Nbd2 c5 10. Nxc4 cxd4 11. Rd1 Bc5 12. Nxd4 Qe7 13. b3 Rd8 14. Bb2 Rb8 15. Na5 Bxd4 16. Rxd4 e5 17. Ba3 Qe8 18. Rd6 Nf8 19. Rad1 Rxd6 20. Bxd6 Ra8 21. Nxb7 Ra7 22. Bxf8 Bxb7 23. Qc7 Qxf8 24. Rd8 Ne8 25. Qd7 Bc6 26. Qxa7 Bxg2 27. Kxg2 1-0

[Event "EYCC Girls U16 2021"]
[Site "Tornelo"]
[Date "2021.10.15"]
[Round "4.11"]
[White "Lomaia, Diana"]
[Black "Russeva, Viktoria"]
[Result "1/2-1/2"]
[ECO "D36"]
[WhiteElo "2111"]
[BlackElo "1713"]
[Annotator "NA"]
[PlyCount "91"]
[EventDate "2021.10.15"]
[EventType "swiss"]
[EventCountry "NET"]
[SourceTitle "playchess.com"]
[Source "ChessBase"]
[SourceQuality "1"]
[TimeControl "5400+30"]

1. d4 d5 2. c4 e6 3. Nc3 Nf6 4. cxd5 exd5 5. Bg5 Be7 6. e3 c6 7. Bd3 O-O 8. Nge2 Nbd7 9. Qc2 Re8 10. O-O Ne4 11. Bxe7 Qxe7 12. Bxe4 dxe4 13. Rab1 $11 Nb6 14. Nf4 Bf5 15. a4 Rac8 16. b4 Nd5 17. Ncxd5 cxd5 18. Qb3 Be6 19. Rbc1 Qd7 20. b5 b6 21. Qb2 h6 22. h3 Qd6 23. Rfd1 Kh7 24. Kh1 Red8 25. Ne2 Re8 26. Nf4 Red8 27. Nxe6 fxe6 28. Qe2 Rc7 29. Rxc7 Qxc7 30. Qg4 Qf7 31. f3 exf3 32. gxf3 Rc8 33. e4 Rc3 34. Rf1 dxe4 35. Qxe4+ Qg6 36. Qe5 Qd3 37. Rf2 Rc1+ 38. Kh2 Qg6 39. Rg2 Rc2 40. Rxc2 Qxc2+ 41. Kg3 Qxa4 42. Qe4+ Kh8 43. Qa8+ Kh7 44. Qe4+ Kh8 45. Qa8+ Kh7 46. Qe4+ 1/2-1/2

[Event "EYCC Girls U16 2021"]
[Site "Tornelo"]
[Date "2021.10.15"]
[Round "4.12"]
[White "Striskova, Lucia"]
[Black "Hakobyan, Astghik"]
[Result "1/2-1/2"]
[ECO "B15"]
[WhiteElo "1923"]
[BlackElo "2017"]
[Annotator "ChessBase"]
[PlyCount "112"]
[EventDate "2021.10.15"]
[EventType "swiss"]
[EventCountry "NET"]
[SourceTitle "playchess.com"]
[Source "ChessBase"]
[SourceQuality "1"]
[TimeControl "5400+30"]

1. e4 c6 2. d4 d5 3. Nc3 dxe4 4. Nxe4 Nf6 5. Nxf6+ exf6 6. c3 Bd6 7. Bd3 O-O 8. Qc2 Re8+ 9. Ne2 h5 10. Be3 Nd7 11. O-O-O Nf8 12. h3 Be6 13. Kb1 b5 14. g4 h4 15. Rhg1 Qd7 16. Bc1 Bc4 17. Bxc4 bxc4 18. Nf4 Bxf4 19. Bxf4 Ng6 20. Bc1 Qd5 21. f4 Re4 22. f5 Nf8 23. Qf2 Rae8 24. Qxh4 Qxf5 25. gxf5 Rxh4 26. Rde1 Rxe1 27. Rxe1 Rxh3 28. Re8 g5 29. fxg6 fxg6 30. Rc8 g5 31. Rxc6 Kf7 32. Rxc4 Ke6 33. Kc2 Nd7 34. Ra4 g4 35. d5+ Kxd5 36. Rxg4 Ne5 37. Rd4+ Ke6 38. b4 f5 39. a4 Rh2+ 40. Rd2 Rh4 41. Re2 f4 42. Rf2 f3 43. Be3 Rh7 44. Bd4 Rf7 45. Rf1 Nc4 46. Bxa7 Rxa7 47. Rxf3 Rxa4 48. Kb3 Nd2+ 49. Kxa4 Nxf3 50. Kb5 Ne5 51. Ka6 Kd6 52. b5 Nd7 53. Kb7 Kc5 54. c4 Nb6 55. Ka6 Nxc4 56. b6 Nxb6 1/2-1/2

[Event "EYCC Girls U16 2021"]
[Site "Tornelo"]
[Date "2021.10.15"]
[Round "5.5"]
[White "Kara, Gulce Nehir"]
[Black "Sulyok, Eszter"]
[Result "1-0"]
[ECO "B40"]
[WhiteElo "1766"]
[BlackElo "1913"]
[Annotator "RC"]
[PlyCount "75"]
[EventDate "2021.10.15"]
[EventType "swiss"]
[EventCountry "NET"]
[SourceTitle "playchess.com"]
[Source "ChessBase"]
[SourceQuality "1"]
[TimeControl "5400+30"]

1. e4 c5 2. Nf3 e6 3. c3 d5 4. exd5 exd5 5. Bb5+ Bd7 6. Bxd7+ Qxd7 7. Ne5 Qe6 8. O-O Bd6 9. Qa4+ Nd7 10. Nf3 Ne7 11. Re1 Qf5 12. Na3 Kd8 13. d4 Nc6 14. Nb5 Bb8 15. dxc5 Nxc5 16. Qh4+ f6 17. Be3 Ne4 18. Red1 Ke7 19. Nfd4 Qd7 20. f3 Nd6 21. Nxd6 Bxd6 22. Nb5 Rad8 23. Kh1 a6 24. Nxd6 Qxd6 25. Bf4 Qc5 26. Re1+ Kf7 27. Qg4 g5 28. Bc7 Rc8 29. Qd7+ Kg6 30. f4 d4 31. fxg5 Qxg5 32. cxd4 Nxd4 33. Re4 Nf5 34. Rf1 Nh6 35. h4 Qb5 36. Rxf6+ Kxf6 37. Qe7+ Kf5 38. Qe6# 1-0

[Event "EYCC Girls U16 2021"]
[Site "Tornelo"]
[Date "2021.10.15"]
[Round "5.9"]
[White "Shpakivskaya, Alina"]
[Black "Jovanovic, Anja"]
[Result "1-0"]
[ECO "C45"]
[WhiteElo "1875"]
[BlackElo "1781"]
[Annotator "NA RC"]
[PlyCount "135"]
[EventDate "2021.10.15"]
[EventType "swiss"]
[EventCountry "NET"]
[SourceTitle "playchess.com"]
[Source "ChessBase"]
[SourceQuality "1"]
[TimeControl "5400+30"]

1. e4 e5 2. Nf3 Nc6 3. d4 exd4 4. Nxd4 Bc5 5. Nb3 Bb6 6. Qe2 d6 7. Be3 Nf6 8. Nc3 Be6 9. O-O-O Qe7 10. f3 Ne5 11. Nd4 O-O 12. Kb1 Ba5 13. Qe1 c6 14. Bg5 Bxc3 15. Qxc3 $16 Rfe8 16. h4 h6 17. Bf4 Ng6 18. Nxe6 fxe6 19. Bxd6 Qd7 20. Bc4 Rad8 21. a3 Nd5 22. Bxd5 Qxd6 23. Bc4 Qxd1+ 24. Rxd1 Rxd1+ 25. Ka2 Nxh4 26. Qb3 b6 27. Bxe6+ Kh8 28. g3 Ng2 29. Bf5 Re7 30. f4 Ne1 31. Qc3 c5 32. Bg4 Rd4 33. Qxe1 Rdxe4 34. Qc3 Re3 35. Qd2 Kh7 36. Qd6 g6 37. f5 gxf5 38. Bxf5+ Kg8 39. Qg6+ Rg7 40. Be6+ Rxe6 41. Qxe6+ Kh7 42. Qf5+ Kg8 43. g4 Kh8 44. a4 Rg5 45. Qf8+ Kh7 46. Qf7+ Rg7 47. Qf5+ Kh8 48. Kb3 Rg5 49. Qf8+ Kh7 50. Qf7+ Rg7 51. Qf5+ Kh8 52. a5 Rg5 53. Qf8+ Kh7 54. Qe7+ Rg7 55. Qe4+ Kh8 56. Ka4 bxa5 57. Kxa5 Rg5 58. Ka6 Rg7 59. Qe5 Kh7 60. Qf5+ Kh8 61. Qxc5 Rxg4 62. Qf8+ Kh7 63. Qf5+ Rg6+ 64. Kxa7 Kg7 65. b4 Rg5 66. Qd7+ Kf6 67. Qc6+ Kg7 68. b5 1-0

[Event "EYCC Girls U16 2021"]
[Site "Tornelo"]
[Date "2021.10.15"]
[Round "6.3"]
[White "Tsotsonava, Elene"]
[Black "Mihelic, Vesna"]
[Result "1/2-1/2"]
[ECO "C30"]
[WhiteElo "1887"]
[BlackElo "1882"]
[Annotator "NA RC"]
[PlyCount "128"]
[EventDate "2021.10.15"]
[EventType "swiss"]
[EventCountry "NET"]
[SourceTitle "playchess.com"]
[Source "ChessBase"]
[SourceQuality "1"]
[TimeControl "5400+30"]

1. e4 e5 2. Nc3 Nf6 3. Bc4 Nc6 4. d3 Bc5 5. f4 d6 6. Nf3 a6 7. a3 h6 8. f5 Nd4 9. Nxd4 exd4 10. Ne2 d5 11. exd5 Bxf5 12. O-O Bg4 13. Qe1 O-O 14. Nf4 Bd6 15. h3 Bh5 16. Qf2 b6 17. Bd2 Bg6 18. Ne2 Be5 19. Nxd4 Bxd4 20. Qxd4 c5 $1 21. Qf4 Qd7 22. Qf3 Kh7 23. Rae1 $16 (23. Ba2 $18) 23... Rad8 24. Bxa6 Qa4 25. Bc4 Nxd5 26. Bb3 Qd4+ 27. Kh1 b5 28. Qf2 Qxf2 29. Rxf2 f6 30. Re6 Bf7 31. Rc6 Rc8 32. Bxd5 Bxd5 33. Rb6 Rb8 34. Rxb8 Rxb8 35. Rf5 Rd8 36. Ba5 Rd7 37. c4 bxc4 38. dxc4 Bxc4 39. Rxc5 Rd1+ 40. Kh2 Bf1 41. Rc2 Kg6 42. Bc7 Bd3 43. Rf2 Rc1 44. Bf4 Rc2 45. Kg3 Kf5 46. Bd2+ Ke6 47. Bc3 Rxf2 48. Kxf2 g5 49. Ke3 Bf1 50. Kf2 Bc4 51. g3 f5 52. g4 fxg4 53. hxg4 Kf7 54. Ke3 Be6 55. Kf3 Bd5+ 56. Kg3 Bb3 57. Bd4 Kg6 58. Bc5 Kf7 59. Bd6 Kg7 60. Kf3 Bd1+ 61. Kg3 Bb3 62. Bb4 Kf7 63. Bc3 Kg6 64. Be5 Kf7 1/2-1/2

[Event "EYCC Girls U16 2021"]
[Site "Tornelo"]
[Date "2021.10.15"]
[Round "8.1"]
[White "Shpakivskaya, Alina"]
[Black "Kanyamarala, Trisha"]
[Result "1/2-1/2"]
[ECO "D01"]
[WhiteElo "1875"]
[BlackElo "2082"]
[Annotator "ChessBase"]
[PlyCount "88"]
[EventDate "2021.10.15"]
[EventType "swiss"]
[EventCountry "NET"]
[SourceTitle "playchess.com"]
[Source "ChessBase"]
[SourceQuality "1"]
[TimeControl "5400+30"]

1. d4 Nf6 2. Nc3 d5 3. Bg5 Bf5 4. Nf3 h6 5. Bh4 e6 6. e3 a6 7. Bd3 Bxd3 8. cxd3 Be7 9. Qb3 Ra7 10. O-O Nbd7 11. Ne5 O-O 12. Rac1 Nxe5 13. dxe5 Nd7 14. Bxe7 Qxe7 15. d4 c5 16. Rfd1 b5 17. a3 Rb8 18. e4 cxd4 19. Rxd4 dxe4 20. Nxe4 Nxe5 21. Qg3 f6 22. Rc5 Kh8 23. f4 Nf7 24. b4 f5 25. Nc3 Rd8 26. Rxd8+ Qxd8 27. Qe3 Re7 28. Rc6 e5 29. Qc5 Qd2 30. h3 Qc1+ 31. Kh2 Qxf4+ 32. Kh1 Rd7 33. Nd5 Qe4 34. Rxh6+ Nxh6 35. Qc8+ Kh7 36. Qxd7 Qe1+ 37. Kh2 Qh4 38. Kh1 e4 39. Qe6 Qg5 40. Kh2 Qh4 41. Kg1 Qe1+ 42. Kh2 Qh4 43. Kg1 Qe1+ 44. Kh2 Qh4 1/2-1/2

[Event "EYCC Girls U16 2021"]
[Site "Tornelo"]
[Date "2021.10.15"]
[Round "8.2"]
[White "Allahverdiyeva, Ayan"]
[Black "Tsotsonava, Elene"]
[Result "1-0"]
[ECO "B41"]
[WhiteElo "2051"]
[BlackElo "1887"]
[Annotator "ChessBase"]
[PlyCount "67"]
[EventDate "2021.10.15"]
[EventType "swiss"]
[EventCountry "NET"]
[SourceTitle "playchess.com"]
[Source "ChessBase"]
[SourceQuality "1"]
[TimeControl "5400+30"]

1. e4 c5 2. Nf3 e6 3. d4 cxd4 4. Nxd4 a6 5. c4 Qc7 6. Nc3 Nf6 7. a3 Nxe4 8. Nxe4 Qe5 9. Be3 Qxe4 10. Nf3 Qg6 11. h4 Nc6 12. Qd2 h5 13. Bd3 f5 14. Rh3 d6 15. O-O-O Bd7 16. Bg5 Be7 17. Bxe7 Nxe7 18. Bc2 Nc8 19. Ne5 Qf6 20. Nxd7 Kxd7 21. c5 d5 22. Rb3 Rb8 23. Kb1 Rd8 24. Qf4 Ne7 25. Rb6 Nc6 26. Ba4 e5 27. Rxd5+ Kc7 28. Qd2 Qxh4 29. Bxc6 bxc6 30. Rd6 Qe4+ 31. Ka1 Qxg2 32. Rxb8 Rxb8 33. Qa5+ Kb7 34. Rd7+ 1-0

[Event "EYCC Girls U16 2021"]
[Site "Tornelo"]
[Date "2021.10.15"]
[Round "8.3"]
[White "Bashylina, Luisa"]
[Black "Zvereva, Margarita"]
[Result "0-1"]
[ECO "D27"]
[WhiteElo "2127"]
[BlackElo "2013"]
[Annotator "ChessBase"]
[PlyCount "64"]
[EventDate "2021.10.15"]
[EventType "swiss"]
[EventCountry "NET"]
[SourceTitle "playchess.com"]
[Source "ChessBase"]
[SourceQuality "1"]
[TimeControl "5400+30"]

1. d4 d5 2. c4 dxc4 3. e3 Nf6 4. Bxc4 a6 5. Nf3 e6 6. Nc3 b5 7. Be2 Bb7 8. O-O Nbd7 9. a3 c5 10. dxc5 Bxc5 11. b4 Be7 12. Bb2 O-O 13. Qb3 Nd5 14. Rfd1 Bf6 15. Nd4 Nxc3 16. Bxc3 Qe7 17. a4 bxa4 18. Rxa4 Nb6 19. Ra5 Nd5 20. Be1 Qc7 21. Bf3 Rac8 22. Be2 Qb6 23. b5 Bxd4 24. Rxd4 Rc1 25. Rd1 Rfc8 26. Bd2 Nc3 27. Bxc3 R8xc3 28. Qa4 Rxd1+ 29. Bxd1 Rc1 30. bxa6 Bc6 31. a7 Qxa5 32. a8=Q+ Qxa8 0-1

[Event "EYCC Girls U16 2021"]
[Site "Tornelo"]
[Date "2021.10.15"]
[Round "8.4"]
[White "Mihelic, Vesna"]
[Black "Hakobyan, Astghik"]
[Result "0-1"]
[ECO "B10"]
[WhiteElo "1882"]
[BlackElo "2017"]
[Annotator "ChessBase"]
[PlyCount "150"]
[EventDate "2021.10.15"]
[EventType "swiss"]
[EventCountry "NET"]
[SourceTitle "playchess.com"]
[Source "ChessBase"]
[SourceQuality "1"]
[TimeControl "5400+30"]

1. e4 c6 2. Nf3 d5 3. d3 Qc7 4. c4 dxe4 5. dxe4 e5 6. Be2 Nf6 7. Qc2 Bc5 8. O-O O-O 9. Bg5 Nbd7 10. a3 a5 11. Nc3 h6 12. Bh4 Nh5 13. Na4 Nf4 14. Bg3 b6 15. Rad1 Be7 16. Rd2 Nc5 17. Rfd1 Bg4 18. Bxf4 exf4 19. Nxc5 Bxc5 20. h3 Bxf3 21. Bxf3 Rad8 22. Qc3 Bd6 23. Qd3 Be7 24. Qe2 Qe5 25. Rxd8 Rxd8 26. Rxd8+ Bxd8 27. b4 Bf6 28. Qd3 Qa1+ 29. Bd1 Bd4 30. bxa5 bxa5 31. a4 Qb2 32. Qc2 Qb4 33. Qe2 Qc3 34. Kf1 g6 35. Qc2 Qb4 36. Qb3 Qc5 37. Qc2 Kg7 38. h4 Bf6 39. h5 gxh5 40. Qd3 Bd4 41. Qe2 Kg6 42. Bc2 Kf6 43. Kg1 Ke7 44. Bd1 h4 45. Qf3 Qg5 46. Kh2 Kd6 47. Kh3 Ke5 48. Bc2 Kd6 49. Bb1 h5 50. Bc2 Kc5 51. Qa3+ Kb6 52. Qb3+ Kc7 53. Qf3 f6 54. Bd3 Kd6 55. Bc2 Ke5 56. Qa3 Qg4+ 57. Kh2 Bxf2 58. Qe7+ Qe6 59. Qc7+ Qd6 60. Qxa5+ Ke6 61. Qf5+ Ke7 62. Qh7+ Kd8 63. Kh1 Qd2 64. Qg8+ Kc7 65. Qf7+ Kb6 66. Qxh5 Qxc2 67. a5+ Ka6 68. Qe8 Qxc4 69. Qa8+ Kb5 70. a6 h3 71. Qb7+ Ka5 72. Qb1 Kxa6 73. gxh3 Qe2 74. Qc1 Qf3+ 75. Kh2 Qg3+ 0-1

[Event "EYCC Girls U16 2021"]
[Site "Tornelo"]
[Date "2021.10.15"]
[Round "8.5"]
[White "Lomaia, Diana"]
[Black "Pipiras, Filipa Fortuna"]
[Result "0-1"]
[ECO "D35"]
[WhiteElo "2111"]
[BlackElo "1995"]
[Annotator "ChessBase"]
[PlyCount "158"]
[EventDate "2021.10.15"]
[EventType "swiss"]
[EventCountry "NET"]
[SourceTitle "playchess.com"]
[Source "ChessBase"]
[SourceQuality "1"]
[TimeControl "5400+30"]

1. d4 d5 2. c4 e6 3. Nc3 Nf6 4. cxd5 exd5 5. Bg5 c6 6. e3 Be6 7. Bd3 Nbd7 8. Nge2 h6 9. Bh4 g5 10. Bg3 Nh5 11. Qc2 Nxg3 12. Nxg3 h5 13. Nge2 Bd6 14. O-O-O Qc7 15. f3 O-O-O 16. Kb1 Kb8 17. h3 g4 18. e4 dxe4 19. fxe4 f6 20. Rdf1 gxh3 21. gxh3 Rhg8 22. d5 cxd5 23. exd5 Bf7 24. Be4 Be5 25. Rd1 a6 26. Rhf1 Nb6 27. Rd3 Nc4 28. Qc1 Nd6 29. Bh7 Rh8 30. Be4 Nxe4 31. Nxe4 Qxc1+ 32. Kxc1 Rxd5 33. Rxd5 Bxd5 34. Nxf6 Be6 35. h4 Ka7 36. Ne4 Bc4 37. Rf2 Bxa2 38. Rf5 Bg7 39. N2c3 Be6 40. Rf1 Be5 41. Kd2 Rd8+ 42. Kc2 Rd4 43. Re1 Bf5 44. Kb3 Bc7 45. Re3 Bd8 46. Ng3 Bg4 47. Re5 Bc7 48. Re3 Bxg3 49. Rxg3 Be6+ 50. Kc2 Rxh4 51. Rg2 Rg4 52. Rh2 h4 53. Ne2 Re4 54. Nc3 Rb4 55. Kc1 h3 56. Ne2 a5 57. Kc2 Bf5+ 58. Kc3 Rh4 59. Nd4 Be4 60. Nb5+ Ka6 61. Nd6 Bg2 62. Nf5 Re4 63. Kd2 a4 64. Ne3 Rxe3 65. Kxe3 Kb5 66. Kd3 Kb4 67. Kc2 Kc4 68. Kd2 Kd4 69. Kc2 Ke3 70. Kc3 Kf2 71. Kb4 Kg3 72. Rxh3+ Kxh3 73. Kxa4 Kg4 74. b4 Kf5 75. Ka5 Ke6 76. Kb6 Kd6 77. b5 Bh1 78. Ka7 Kc5 79. b6 Kb5 0-1

[Event "EYCC Girls U16 2021"]
[Site "Tornelo"]
[Date "2021.10.15"]
[Round "8.6"]
[White "Shuqja, Klean"]
[Black "Tokmakova, Ulyana"]
[Result "1/2-1/2"]
[ECO "B51"]
[WhiteElo "1877"]
[BlackElo "1977"]
[Annotator "ChessBase"]
[PlyCount "115"]
[EventDate "2021.10.15"]
[EventType "swiss"]
[EventCountry "NET"]
[SourceTitle "playchess.com"]
[Source "ChessBase"]
[SourceQuality "1"]
[TimeControl "5400+30"]

1. e4 c5 2. Nf3 d6 3. Bb5+ Nd7 4. O-O Ngf6 5. d4 cxd4 6. Qxd4 e5 7. Qd3 Be7 8. Bg5 O-O 9. Bxd7 Nxd7 10. Bxe7 Qxe7 11. Nc3 Nc5 12. Nd5 Qd8 13. Qc4 Ne6 14. Rfd1 Bd7 15. Ne3 Qb6 16. Qb3 Qc6 17. Nf5 Nc5 18. Ne7+ Kh8 19. Nxc6 Nxb3 20. cxb3 Bxc6 21. Rxd6 f6 22. Re1 Rfd8 23. Rd2 Rxd2 24. Nxd2 Rd8 25. Nf1 Kg8 26. f3 Kf7 27. Kf2 Ke6 28. Ne3 Bb5 29. Nd5 Bc6 30. Nc3 g6 31. Rd1 Rxd1 32. Nxd1 f5 33. exf5+ gxf5 34. Nc3 Kf6 35. Ke3 Kg5 36. b4 a6 37. a4 h5 38. b5 axb5 39. Nxb5 h4 40. g3 hxg3 41. hxg3 f4+ 42. gxf4+ exf4+ 43. Ke2 Kh4 44. Nd4 Bxa4 45. Kd3 Kg3 46. Ke4 Bd1 47. b3 b6 48. b4 b5 49. Nf5+ Kf2 50. Kxf4 Bxf3 51. Nd4 Bg2 52. Nxb5 Ke2 53. Nd6 Bc6 54. Nc8 Kd3 55. Na7 Ba4 56. Ke5 Kc4 57. b5 Bxb5 58. Nxb5 1/2-1/2

[Event "EYCC Girls U16 2021"]
[Site "Tornelo"]
[Date "2021.10.15"]
[Round "8.7"]
[White "Batagan, Ilinca-Petra"]
[Black "Follana Albelda, Lucia"]
[Result "0-1"]
[ECO "B90"]
[WhiteElo "1977"]
[BlackElo "1904"]
[Annotator "ChessBase"]
[PlyCount "128"]
[EventDate "2021.10.15"]
[EventType "swiss"]
[EventCountry "NET"]
[SourceTitle "playchess.com"]
[Source "ChessBase"]
[SourceQuality "1"]
[TimeControl "5400+30"]

1. e4 c5 2. Nf3 d6 3. d4 cxd4 4. Nxd4 Nf6 5. Nc3 a6 6. Be3 e5 7. Nb3 Be7 8. h3 h5 9. f4 exf4 10. Bxf4 Be6 11. Qe2 Nc6 12. O-O-O Qc7 13. g3 Ne5 14. Bg2 Rc8 15. Bxe5 dxe5 16. Nd5 Nxd5 17. exd5 Bf5 18. Be4 Bxe4 19. Qxe4 O-O 20. Rhf1 g6 21. g4 h4 22. Kb1 Rfd8 23. Rf3 Bg5 24. Rc3 Qd6 25. Rxc8 Rxc8 26. Nd2 b5 27. Nf3 Bf6 28. b3 a5 29. g5 Bg7 30. Nxh4 a4 31. Nf3 a3 32. Nd2 Qc5 33. c4 Qb4 34. Kc2 Qc5 35. Kd3 Qf2 36. Rf1 bxc4+ 37. bxc4 Qb6 38. Nb3 Qa6 39. Rc1 f5 40. gxf6 Qxf6 41. c5 Qf2 42. Qxg6 Qf3+ 43. Kc4 Qf4+ 44. Kb5 Rb8+ 45. Kc6 Qa4+ 46. Kc7 Qa7+ 47. Kd6 Rd8+ 48. Kc6 Qa6+ 49. Kc7 Qxg6 50. Kxd8 Bf6+ 51. Kc7 Qf7+ 52. Kd6 Qe7+ 53. Kc6 Qe8+ 54. Kb6 Bd8+ 55. Ka6 e4 56. c6 Bc7 57. Nc5 e3 58. Ne6 Qa8+ 59. Kb5 Qa5+ 60. Kc4 Bd6 61. Rg1+ Kh8 62. Rg6 Qb4+ 63. Kd3 Qb1+ 64. Kxe3 Qxg6 0-1

[Event "EYCC Girls U16 2021"]
[Site "Tornelo"]
[Date "2021.10.15"]
[Round "8.8"]
[White "Kara, Gulce Nehir"]
[Black "Perez Garcia, Jimena"]
[Result "1-0"]
[ECO "A45"]
[WhiteElo "1766"]
[BlackElo "1914"]
[Annotator "ChessBase"]
[PlyCount "119"]
[EventDate "2021.10.15"]
[EventType "swiss"]
[EventCountry "NET"]
[SourceTitle "playchess.com"]
[Source "ChessBase"]
[SourceQuality "1"]
[TimeControl "5400+30"]

1. d4 Nf6 2. Bf4 g6 3. Nc3 d5 4. e3 Bg7 5. h4 h5 6. Nf3 O-O 7. Ne5 c5 8. Qd2 Nc6 9. dxc5 Qa5 10. Nxc6 bxc6 11. Be5 Ne4 12. Nxe4 Qxd2+ 13. Nxd2 Bxe5 14. c3 Rb8 15. O-O-O Bd7 16. Nb3 a5 17. Nxa5 Ra8 18. Nc4 Bc7 19. a3 Bf5 20. Nd2 Rfb8 21. Be2 Ra5 22. b4 Rxa3 23. Kb2 Ra7 24. Ra1 Rab7 25. Ra6 Be5 26. Kb3 Be6 27. Rxc6 Bg7 28. Nf3 Ra7 29. Ra6 Rc7 30. Kc2 Bc8 31. Ra5 e5 32. Rd1 Bf5+ 33. Kb3 Be4 34. Ne1 Bf8 35. Ka3 Rd7 36. f3 Bf5 37. Bb5 Rdd8 38. Bc6 Be6 39. Kb2 d4 40. exd4 exd4 41. Rxd4 Rxd4 42. cxd4 Rxb4+ 43. Kc3 Rb3+ 44. Kc2 Bg7 45. Bd7 Bxd4 46. Bxe6 Rc3+ 47. Kd2 fxe6 48. Nd3 e5 49. Ra4 Rb3 50. Rc4 Kf7 51. c6 Rb8 52. f4 Ke6 53. fxe5 Bxe5 54. Re4 Rc8 55. Rxe5+ Kd6 56. Rc5 Kc7 57. Rg5 Rg8 58. Nf4 Kxc6 59. Rxg6+ Rxg6 60. Nxg6 1-0

[Event "EYCC Girls U16 2021"]
[Site "Tornelo"]
[Date "2021.10.15"]
[Round "8.9"]
[White "Volovich, Julia"]
[Black "Zabrzanska, Weronika"]
[Result "0-1"]
[ECO "D56"]
[WhiteElo "1742"]
[BlackElo "1892"]
[Annotator "NA"]
[PlyCount "114"]
[EventDate "2021.10.15"]
[EventType "swiss"]
[EventCountry "NET"]
[SourceTitle "playchess.com"]
[Source "ChessBase"]
[SourceQuality "1"]
[TimeControl "5400+30"]

1. d4 d5 2. c4 e6 3. Nc3 Nf6 4. Bg5 Be7 5. e3 O-O 6. Nf3 h6 7. Bh4 Ne4 8. Bxe7 Qxe7 9. Rc1 c6 10. g4 Nd7 11. h4 g6 12. Nxe4 dxe4 13. Ne5 Nxe5 14. dxe5 f5 15. c5 Rd8 16. Qc2 Rd5 17. gxf5 gxf5 18. f4 exf3 19. Rg1+ Kh8 20. Qh2 Rd8 21. Rg6 Kh7 22. h5 Rg8 23. Rf6 Bd7 24. Rd1 Rg5 25. Qd2 Rd8 26. Qd6 Qe8 27. Rxe6 Bxe6 28. Qxd8 Qxd8 29. Rxd8 Rxh5 30. Re8 Bxa2 31. Re7+ Kg6 32. Rxb7 Bd5 33. b3 Rh1 34. Rd7 Bxb3 35. Kf2 Bd5 36. e6 h5 37. e7 Kf7 38. Bd3 Rh2+ 39. Kg1 Rg2+ 40. Kf1 h4 41. Bxf5 Bc4+ 42. Bd3 Be6 43. Rd4 Kxe7 44. Rxh4 Rd2 45. Be4 Bc4+ 46. Ke1 f2+ 47. Kxd2 f1=Q 48. Rh7+ Ke6 49. Rxa7 Qf2+ 50. Kc3 Qxe3+ 51. Kxc4 Qxe4+ 52. Kc3 Qe5+ 53. Kc4 Qd5+ 54. Kb4 Qd4+ 55. Kb3 Qxc5 56. Rg7 Qe3+ 57. Kc2 c5 0-1